 Dungeon Crawl Stone Soup version 0.20.0-8-g6b59dc7 (webtiles) character file.

606 straycat the Sneak (level 7, -3/52 HPs)
             Began as a Vampire Wanderer on May 31, 2017.
             Slain by an ogre
             ... wielding a +0 giant spiked club
              (10 damage)
             ... on level 5 of the Dungeon.
             The game lasted 00:20:31 (4585 turns).

straycat the Sneak (Vampire Wanderer)               Turns: 4585, Time: 00:20:32

Health: -3/52      AC:  6    Str: 10    XL:     7   Next: 19%
Magic:  7/7        EV: 12    Int: 15    God:
Gold:   186        SH:  6    Dex: 16    Spells: 6/6 levels left

rFire    . . .     SeeInvis +   J - +4 falchion (flame)
rCold    . . .     Gourm    .   d - +1 buckler
rNeg     + . .     Faith    .   E - +0 ring mail
rPois    .         Spirit   .   z - +0 hat
rElec    .         Reflect  .   F - scarf {repulsion}
rCorr    .         Harm     .   (no gloves)
MR       .....                  A - +0 pair of boots
Stlth    +++.......             (no amulet)
Regen    0.2/turn               (no ring)
MPRegen  0.1/turn               (no ring)

@: repel missiles
A: fangs 3, see invisible, unbreathing
a: Bat Form


You were on level 5 of the Dungeon.
You were not thirsty.

You visited 1 branch of the dungeon, and saw 5 of its levels.

You collected 186 gold pieces.

Inventory:

Hand Weapons
 e - a +0 dagger
 k - a +0 hunting sling
 I - a +0 trident
 J - a +4 falchion of flaming (weapon)
Missiles
 b - 3 throwing nets (quivered)
 h - 77 stones
 o - 23 arrows
 p - 4 poisoned tomahawks
 H - 3 tomahawks
Armour
 d - a +1 buckler (worn)
 s - a +1 cloak
 z - a +0 hat (worn)
 A - a +0 pair of boots (worn)
 E - a +0 ring mail (worn)
 F - a scarf of repulsion (worn)
 K - a +0 leather armour
Scrolls
 a - a scroll of identify {unknown}
 g - 5 scrolls of remove curse
 i - 4 scrolls of teleportation
 q - 2 scrolls of fog
 y - a scroll of magic mapping
 C - a scroll of recharging
 D - a scroll of blinking
Potions
 c - a potion of lignification
 f - 10 potions of blood
 l - a potion of mutation {unknown}
 v - 7 potions of curing {unknown}
 w - a potion of heal wounds {unknown}
 B - a potion of agility {unknown}
 G - 2 potions of flight {unknown}


   Skills:
 * Level 3.5 Fighting
 * Level 4.6 Short Blades
 - Level 1.0 Polearms
 * Level 4.7 Dodging
 + Level 6.1 Stealth
 + Level 2.5 Shields


You had 6 spell levels left.
You didn't know any spells.

Dungeon Overview and Level Annotations

Branches:
Dungeon (5/15)
 Temple: D:4-7

Altars:


Innate Abilities, Weirdness & Mutations

You have razor-sharp teeth.
You have supernaturally acute eyesight. (SInv)
You can survive without breathing.


Message History

Your +4 falchion of flaming bursts into flame!
J - a +4 falchion of flaming (weapon)
You hit the ogre. You burn the ogre.
The ogre is moderately wounded.
The ogre barely misses you.
You completely miss the ogre.
The ogre is moderately wounded.
The ogre hits you with a giant spiked club!
You hit the ogre. You burn the ogre.
The ogre is heavily wounded.
The ogre hits you with a giant spiked club!!
Ouch! That really hurt!
* * * LOW HITPOINT WARNING * * *
You slash the ogre! You burn the ogre. You bite the ogre, but do no damage.
The ogre is almost dead.
The ogre misses you.
You closely miss the ogre.
The ogre is almost dead.
The ogre hits you with a giant spiked club!
You die...

.........
#.....#..(
$.>...#..##
......(...#
......%(.?#
...#.##รท..######
#..............
###....O..?####
###.)@...#
#####......#
#.......######
#........<...#
.........####..#
.......... #
##.........
###########


You could see an ogre.

Vanquished Creatures
  Eustachio (D:4)
  2 ogres
  2 howler monkeys
  A bullfrog skeleton (D:5)
  7 gnolls
  3 adders
  An ooze (D:3)
  3 worms
  3 dart slugs
  6 orcs
  7 giant cockroaches
  6 goblins
  9 hobgoblins
  6 jackals
  A quokka (D:3)
  A ball python (D:1)
  6 bats
  6 frilled lizards
  6 kobolds
  A rat (D:2)
78 creatures vanquished.

Notes
Turn   | Place    | Note
-------+----------+-------------------------------------------
     0 | D:1      | straycat the Vampire Wanderer began the quest for the Orb.
     0 | D:1      | straycat set off with: a +0 leather armour, 3 throwing nets, a potion of lignification, a +0 buckler, a +0 dagger, a potion of blood
     0 | D:1      | Reached XP level 1. HP: 15/15 MP: 1/1
   317 | D:1      | Reached XP level 2. HP: 21/21 MP: 2/2
   896 | D:1      | Reached XP level 3. HP: 27/27 MP: 3/3
  1950 | D:2      | Reached XP level 4. HP: 33/33 MP: 4/4
  1959 | D:2      | Reached skill level 5 in Stealth
  2810 | D:3      | You fall through a shaft!
  2853 | D:4      | Reached XP level 5. HP: 38/39 MP: 5/5
  3524 | D:4      | Noticed an ogre
  3534 | D:4      | Killed an ogre
  3534 | D:4      | Reached XP level 6. HP: 18/46 MP: 6/6
  3790 | D:4      | Noticed Eustachio
  3799 | D:4      | Killed Eustachio
  4337 | D:5      | Entered Level 5 of the Dungeon
  4351 | D:5      | Reached skill level 6 in Stealth
  4351 | D:5      | Reached XP level 7. HP: 39/52 MP: 7/7
  4585 | D:5      | Slain by an ogre

Skill      XL: |  1  2  3  4  5  6 |
---------------+-------------------+-----
Fighting       | 2 3 |  3.5
Stealth        | 5 6 |  6.1
Short Blades   | 3 4 |  4.6
Dodging        | 3 4 |  4.7
Shields        | 2 |  2.5
Polearms       | |  1.0

Action                   |  1- 3 |  4- 6 |  7- 9 || total
-------------------------+-------+-------+-------++-------
Melee: Dagger            |    14 |     4 |       ||    18
       Bite              |     4 |     6 |     1 ||    11
       Spear             |    23 |    34 |       ||    57
       Hunting sling     |       |     1 |       ||     1
       Trident           |       |     5 |       ||     5
       Falchion          |       |    27 |     9 ||    36
 Fire: Hunting sling     |    86 |   123 |     3 ||   212
  Use: Potion            |       |     6 |     3 ||     9
       Scroll            |       |    12 |       ||    12
 Stab: Sleeping          |     1 |     2 |       ||     3
Armor: Leather armour    |    19 |       |       ||    19
       Ring mail         |     1 |    46 |       ||    47
Dodge: Dodged            |    44 |    70 |     3 ||   117
       Deflected         |       |     2 |       ||     2
Block: Buckler           |    16 |    35 |     1 ||    52
       Rpst.: Falchion   |       |     7 |       ||     7
